 Dungeon Crawl Stone Soup version 0.27-a0-1060-gcb85b5eba1 (webtiles) character file.

Game seed: 13244357543123179119

79 seba5609 the Skirmisher (level 4, -10/35 HPs)
             Began as a Djinni Fighter on Apr 21, 2021.
             Was a Believer of Elyvilon.
             Mangled by an ogre
             ... wielding a +0 giant spiked club
              (28 damage)
             ... on level 2 of the Dungeon.
             The game lasted 00:06:33 (2122 turns).

seba5609 the Skirmisher (Djinni Fighter)            Turns: 2122, Time: 00:06:35

Health: -10/35     AC:  6    Str: 15    XL:     4   Next: 37%
Gold:   37         EV:  7    Int: 10    God:    Elyvilon [**....] SH:  9 Dex: 13

rFire    + + .     SeeInvis .   a - +0 long sword
rCold    x . .     Faith    .   c - +0 kite shield
rNeg     . . .     Spirit   .   b - +0 scale mail
rPois    ∞         Reflect  .   (no helmet)
rElec    .         Harm     .   (no cloak)
rCorr    .         Rampage  .   (no gloves)
Will     .....                  (boots unavailable)
Stlth    ..........             (no amulet)
HPRegen  0.11/turn              (no ring)
MPRegen  0.00/turn              (no ring)

@: flying
A: fire resistance 2, cold vulnerability 1, float, innate caster, hp casting,
extra vitality 1
a: Renounce Religion, Lesser Healing, Heal Other, Divine Protection


You were on level 2 of the Dungeon.
You worshipped Elyvilon.
Elyvilon was pleased with you.
You visited 1 branch of the dungeon, and saw 2 of its levels.

You collected 37 gold pieces.

Inventory:

Hand Weapons
 a - a +0 long sword (weapon)
Missiles
 e - 19 stones (quivered)
Armour
 b - a +0 scale mail (worn)
 c - a +0 kite shield (worn)
Magical Staves
 n - a staff of poison
Scrolls
 g - a scroll of immolation {unknown}
 h - a scroll of enchant weapon {unknown}
 j - a scroll of torment {unknown}
 l - a scroll of blinking {unknown}
 m - a scroll of teleportation {unknown}
Potions
 d - a potion of might
 f - a potion of flight {unknown}
 i - 2 potions of curing
 k - a potion of mutation {unknown}


   Skills:
 + Level 3.5 Fighting
 - Level 2.3 Long Blades
 - Level 3.4 Armour
 + Level 1.0 Dodging
 - Level 3.4 Shields
 * Level 0.8 Spellcasting


You had 3 spell levels left.
You knew the following spells:

 Your Spells              Type           Power      Damage    Failure   Level
a - Sting                 Tmut/Pois      8%         1d3       99%         1
Your spell library was empty.

Dungeon Overview and Level Annotations

Branches:
Dungeon (2/15)

Altars:
Elyvilon

Shops:
D:1 :


Innate Abilities, Weirdness & Mutations

You are immune to poison.
Your flesh is very heat resistant. (rF++)
You are vulnerable to cold. (rC-)
You float through the air rather than walking.
You learn spells naturally, not from books.
Your magical power is your life essence.
You have superior vitality. (+4 HP)


Message History

You can now heal and attempt to pacify others.
Found a stone staircase leading up.
Found 9 gold pieces.
You hit the worm but do no damage. You block the worm's attack.
You hit the worm.
The worm is lightly wounded.
You block the worm's attack.
You hit the worm.
The worm is moderately wounded.
The worm bites you but does no damage.
You slash the worm!
The worm is almost dead.
The worm bites you but does no damage.
You slash the worm!
You kill the worm!
No target in view!
You now have 37 gold pieces (gained 9).
You reach down and open the door.
An ogre comes into view. It is wielding a +0 giant spiked club.
The ogre shouts!
An ogre is nearby!
There is an open door here.
An ogre is nearby!
You slash the ogre!
The ogre is moderately wounded.
The ogre completely misses you.
You riposte.
You slash the ogre!
The ogre is heavily wounded.
You hit the ogre.
The ogre is severely wounded.
The ogre barely misses you.
You slash the ogre!
The ogre is almost dead.
The ogre hits you with a +0 giant spiked club!
You hit the ogre.
The ogre is almost dead.
You block the ogre's attack.
An endoplasm comes into view.
The ogre hits you with a +0 giant spiked club!!
Ouch! That really hurt!
You die...

#.. ..... #...
#.#J# #...##.#.#
#........#
#........#
#........# .. #'#
.. #O# . #@# . #.#
# #.#..# # #.#..#
#### #.#..# #...
#.#..# #.## #.#..#
#.## #.#..# #.##
#.#..##########.##


You could see an ogre and an endoplasm.

Vanquished Creatures
  A hound zombie (D:2)
  A worm (D:2)
  2 dart slugs
  3 endoplasms (D:2)
  2 giant cockroaches (D:1)
  4 goblins
  4 hobgoblins
  8 jackals
  3 kobolds
  3 quokkas
  3 ball pythons
  8 bats
  4 frilled lizards
  2 rats (D:1)
48 creatures vanquished.

Notes
Turn   | Place    | Note
-------+----------+-------------------------------------------
     0 | D:1      | seba5609 the Djinni Fighter began the quest for the Orb.
     0 | D:1      | Reached XP level 1. HP: 20/20 MP: 0/0
   114 | D:1      | Found Bypn's Book Emporium.
   121 | D:1      | Reached XP level 2. HP: 25/25 MP: 0/0
   580 | D:1      | Reached XP level 3. HP: 30/30 MP: 0/0
   580 | D:1      | Learned a level 1 spell: Sting
   707 | D:1      | Found a faded altar of an unknown god.
   739 | D:1      | Became a worshipper of Elyvilon the Healer
   739 | D:1      | Reached * piety under Elyvilon
  1345 | D:2      | Reached XP level 4. HP: 34/35 MP: 0/0
  1883 | D:2      | Reached skill level 1 in Dodging
  2005 | D:2      | Reached ** piety under Elyvilon
  2114 | D:2      | Noticed an ogre
  2122 | D:2      | Mangled by an ogre

Illustrated notes

Levels and vault maps discovered:
D:1:      amcnicky_arrival_double_pillar, layout_basic, serial_shops,
          shop_fountains, ebering_ecumenical_altar_hall
D:2:      layout_basic, glass_columns_c, minmay_tall_x

Skill      XL: |  1  2  3  4 |
---------------+-------------+-----
Long Blades    | 2 |  2.3
Dodging        | 1 |  1.0
Fighting       | |  3.5
Armour         | |  3.4
Shields        | |  3.4
Spellcasting   | |  0.8

Action                   |  1- 3 |  4- 6 || total
-------------------------+-------+-------++-------
Melee: Long sword        |   125 |    58 ||   183
Throw: Stone             |     1 |       ||     1
Armor: Scale mail        |    98 |    34 ||   132
Dodge: Dodged            |    45 |    26 ||    71
Block: Kite shield       |    77 |    35 ||   112
       Rpst.: Long sword |    12 |    11 ||    23

Table legend: (Time is in decaauts)
 A = Elapsed time spent in this place.
 B = Non-inter-level travel time spent in this place.
 C = Inter-level travel time spent in this place.
 D = Time resting spent in this place.
 E = Time spent auto-exploring this place.
 F = Levels seen in this place.
 G = Mean time per level.
                   A        B        C        D        E       F      G
               +--------+--------+--------+--------+--------+-----+--------+
         Total |   2218 |   2195 |     23 |      0 |   1742 |   2 | 1109.0 |
       Dungeon |   2218 |   2195 |     23 |      0 |   1742 |   2 | 1109.0 |
               +--------+--------+--------+--------+--------+-----+--------+

Top non-repeatable levels by time:
     D:2: 1146 daAuts
     D:1: 1072 daAuts
